 Dungeon Crawl Stone Soup version bcrawl-1.38.3 (webtiles) character file.

Game seed: 2923700664897897442

313884 MisterOstroum the Fighter (level 10, -9/124 HPs)
             Began as a Human Berserker on June 12, 2023.
             Was an Elder of Trog.
             Mangled by a death yak (14 damage)
             ... on level 6 of the Dungeon.
             The game lasted 00:14:10 (6292 turns).

MisterOstroum the Fighter (Human Berserker)         Turns: 6292, Time: 00:14:11

Health: -9/124     AC: 25    Str: 21    XL:     10   Next: 19%
Magic:  14/14      EV:  1    Int:  8    God:    Trog [****..]
Gold:   214        SH:  0    Dex: 12    Spells: 9/9 levels left

rFire    . . .     GDR:     46%   - Branches (18.0)
rCold    . . .     SeeInvis +   (no shield)
rNeg     + + +     Gourm    .   (armour currently unavailable)
rPois    +         Faith    .   (helmet currently unavailable)
rElec    .         Spirit   .   (cloak currently unavailable)
rCorr    .         Reflect  .   (gloves currently unavailable)
MR       .....     NoTele   +   (boots currently unavailable)
Stlth    +.........             (no amulet)
HPRegen  0.30/turn              (no ring)
MPRegen  0.14/turn              C - ring of see invisible

@: tree-form, berserk cooldown, slowed, very slow
A: giant
a: Berserk, Trog's Hand, Brothers in Arms, Renounce Religion


You were on level 6 of the Dungeon.
You worshipped Trog.
Trog was greatly pleased with you.
You were not hungry.
You were a tree.
You visited 1 branch of the dungeon, and saw 7 of its levels.
You also visited: Ossuary.

You collected 692 gold pieces.
You spent 478 gold pieces at shops.

Inventory:

Hand Weapons
 a - a +1 spear
 b - a +0 hunting sling
Missiles
 j - 373 bolts
 n - 351 sling bullets
 p - 290 arrows
 q - 1430 stones
 w - 208 poisoned tomahawks (quivered)
Armour
 g - a +1 ring mail (melded)
 h - a +0 animal skin
 l - a cursed -1 cloak (melded)
 u - a +0 plate armour
Jewellery
 i - an uncursed ring of magical power {unknown}
 m - the ring of Wishful Thinking {Ice rN+}
   (You found it on level 2 of the Dungeon)

   [ring of ice]

   It enhances your ice magic.
   It makes you vulnerable to fire.
   It protects you from cold.
   It protects you from negative energy.
 C - a ring of see invisible (right branch)
Wands
 f - a wand of iceblast (9)
 o - a wand of random effects (6)
Scrolls
 d - 3 scrolls of blinking
 k - a scroll of noise {unknown}
 y - a scroll of silence {unknown}
 D - 3 scrolls of amnesia {unknown}
 F - a scroll of enchant armour
 G - a scroll of fog {unknown}
Potions
 c - 5 potions of curing
 r - 2 potions of agility
 s - 2 potions of might
 t - a potion of brilliance {unknown}
 v - 4 potions of haste {unknown}
 x - a potion of flight {unknown}
 z - a potion of lignification {@q6}
 A - 2 potions of ambrosia
 B - a potion of cancellation
 E - 3 potions of heal wounds
 H - 2 potions of mutation {unknown}
Comestibles
 e - 10 rations {!d}


   Skills:
 * Level 9.4 Fighting
 - Level 8.0 Polearms
 + Level 5.1 Armour
 + Level 5.4 Dodging
 + Level 6.0 Evocations


You had 9 spell levels left.
You didn't know any spells.
Your spell library contained the following spells:

 Spells                   Type           Power        Failure   Level  Hunger
 Conjure Ball Lightning   Conj/Air       #.........   100%        6    #######
 Icicle Burst             Conj/Ice       #.........   100%        7    #######
 Ignition                 Fire           #.........   100%        8    #######
 Tornado                  Tloc/Air       #.........   100%        8    #######
 Shatter                  Erth           #.........   100%        9    #######


Dungeon Overview and Level Annotations

Branches:
Dungeon (7/12)             Temple (0/1) D:5
   Lair: D:7-9

Altars:
Hepliaklqana
Lugonu
Makhleb
Sif Muna

Shops:
D:4 *   D:5 *!**[


Message History

The poisoned tomahawk hits the death yak.
The death yak looks more poisoned.
The death yak is lightly wounded.
The death yak misses you.
Throwing (i - inventory. (/) - cycle)
w - 212 poisoned tomahawks (quivered)
Press: ? - help, Shift-Dir - straight line, f/p - death yak
Aim: a death yak You throw a poisoned tomahawk.
The poisoned tomahawk hits the death yak but does no damage.
The death yak looks more poisoned.
The death yak is heavily wounded.
The death yak barely misses you. The death yak gores you!
Throwing (i - inventory. (/) - cycle)
w - 211 poisoned tomahawks (quivered)
Press: ? - help, Shift-Dir - straight line, f/p - death yak
Aim: a death yak You throw a poisoned tomahawk.
The poisoned tomahawk hits the death yak.
The death yak looks more poisoned.
The death yak is severely wounded.
The death yak gores you!!
* * * LOW HITPOINT WARNING * * *
You kill the death yak!
Trog accepts your kill.
Training target 8.0 for Polearms reached!
Your Polearms skill increases to level 8!
Your Armour skill increases to level 5!
Your Dodging skill increases to level 5!
Your Evocations skill increases to level 6!
You have reached level 10!
The death yak looks more healthy.
Throwing (i - inventory. (/) - cycle)
w - 210 poisoned tomahawks (quivered)
Press: ? - help, Shift-Dir - straight line, f/p - death yak
Aim: a death yak You throw a poisoned tomahawk.
The poisoned tomahawk hits the death yak but does no damage.
The death yak is poisoned.
The death yak is moderately wounded.
Throwing (i - inventory. (/) - cycle)
w - 209 poisoned tomahawks (quivered)
Press: ? - help, Shift-Dir - straight line, f/p - death yak
Aim: a death yak You throw a poisoned tomahawk.
The poisoned tomahawk hits the death yak but does no damage.
The death yak looks more poisoned.
The death yak is moderately wounded.
There is an open door here.
You are near starving!
The death yak looks more healthy.
Unknown command.
The death yak gores you!
* * * LOW HITPOINT WARNING * * *
A death yak is nearby!
The death yak snorts and paws the ground.
You're too hungry.
You eat one of the 11 rations {!d}.
That ration really hit the spot!
Do you really want to go berserk while wielding your +0 hunting sling? [Y]es or [N]o only, please.
Do you really want to go berserk while wielding your +0 hunting sling?
Okay, then.
Do you really want to go berserk while wielding your +0 hunting sling?
A red film seems to cover your vision as you go berserk!
You feel yourself moving faster!
You feel mighty!
You feel quite a bit more hungry.
The death yak gores you but does no damage.
You feel a strong urge to attack something.
There is a stone staircase leading up here.
The death yak closely misses you.
A rune on the stairs sparks and fizzles.
You climb upwards.
You feel your anger nearly subside.
You are no longer berserk.
You are exhausted.
You feel yourself slow down.
There is a stone staircase leading down here.
Really quaff the potion of lignification?
You turn into a tree.
Your cursed -1 cloak melds into your body.
Your +1 ring mail melds into your body.
Your roots penetrate the ground.
The death yak gores you!
* * * LOW HITPOINT WARNING * * *
Wield which item (- for none, * to show all)? (? for menu, Esc to quit)
You are now empty-handed.
The death yak snorts and paws the ground.
The death yak gores you!
* * * LOW HITPOINT WARNING * * *
You smack the death yak!
The death yak is lightly wounded.
The death yak gores you!
* * * LOW HITPOINT WARNING * * *
You hit the death yak but do no damage.
The death yak is lightly wounded.
The death yak gores you but does no damage. x2
You hit the death yak.
The death yak is lightly wounded.
The death yak gores you.
* * * LOW HITPOINT WARNING * * *
You hit the death yak.
The death yak is lightly wounded.
The death yak gores you.
* * * LOW HITPOINT WARNING * * *
The death yak gores you!
You die...

..#.####.#.#####......##
.##.####.#.............###
.........#####...........#
.....####................#
..........####...........#
##....##### #..........##
...##.# #..........#
..###.## ##.Y......## #.#
#..## #..♣.......#
#)####..# #..........#
#..####.#### #..........#
#.)).##....###...[......#
#.##).####..##..........#
#.###.## ##...#.....<..##
#.###..# ###.##......##
#..###.## #...#######
##..##..## ###....#


You could see a death yak.

Vanquished Creatures
  2 death yaks (D:7)
  A crocodile (D:5)
  An orc warrior (D:3)
  An ice beast (D:4)
  A phantom (D:7)
  2 ogres (D:5)
  4 bullfrogs (D:6)
  3 scorpions
  A wight (D:5)
  2 orc priests
  4 crimson imps
  2 bullfrog zombies
  A hound (D:6)
  A human zombie (Ossuary)
  5 orc wizards
  A bullfrog skeleton (D:5)
  A jelly (D:5)
  Jessica (D:2)
  4 iguanas
  2 worker ants
  2 kobold zombies (Ossuary)
  A hound skeleton (D:4)
  2 mummies (Ossuary)
  2 worker ant zombies (D:5)
  4 adders
  A centaur zombie (Ossuary)
  A howler monkey skeleton (D:4)
  3 shadow imps
  An ooze (D:4)
  An adder skeleton (D:4)
  3 worms
  A dart slug (D:2)
  5 leopard geckos
  14 orcs
  5 bats
  2 giant cockroaches
  8 goblins
  10 hobgoblins
  7 kobolds
  A quokka (D:2)
  A ball python (D:3)
  4 frilled lizards
  A gnoll zombie (Ossuary)
  7 goblin zombies (Ossuary)
  2 hobgoblin zombies (Ossuary)
  A quokka zombie (D:5)
  6 rats
136 creatures vanquished.

Notes
Turn   | Place    | Note
-------+----------+-------------------------------------------
     0 | D:1      | MisterOstroum the Human Berserker began the quest for the
                  | Orb.
     0 | D:1      | Reached XP level 1. HP: 18/18 MP: 1/1
   219 | D:1      | Reached XP level 2. HP: 24/24 MP: 2/2
   803 | D:1      | Reached XP level 3. HP: 29/29 MP: 3/3
  1342 | D:2      | Got a clouded bone ring
  1386 | D:2      | Reached ** piety under Trog
  1389 | D:2      | Noticed Jessica
  1394 | D:2      | Killed Jessica
  1395 | D:2      | Reached skill level 5 in Polearms
  1395 | D:2      | Reached XP level 4. HP: 35/35 MP: 4/4
  1407 | D:2      | Identified the ring of Wishful Thinking {Ice rN+} (You
                  | found it on level 2 of the Dungeon)
  1430 | D:2      | Found a hazy altar of Hepliaklqana.
  1431 | D:2      | Found a corrupted altar of Lugonu.
  1985 | D:3      | Reached XP level 5. HP: 41/41 MP: 5/5
  2488 | D:3      | Noticed an orc warrior
  2510 | D:3      | Killed an orc warrior
  2511 | D:3      | Reached XP level 6. HP: 9/47 MP: 5/7
  2942 | D:4      | Found a burning altar of Makhleb.
  3089 | D:4      | Noticed an ice beast
  3092 | D:4      | Found a sand-covered staircase.
  3101 | Ossuary  | Entered an ossuary
  3116 | Ossuary  | Reached *** piety under Trog
  3221 | Ossuary  | Reached XP level 7. HP: 52/52 MP: 9/9
  3421 | D:4      | Found Nupp's General Store.
  3430 | D:4      | Bought a potion of lignification for 39 gold pieces
  3430 | D:4      | Bought a scroll of blinking for 97 gold pieces
  3583 | D:4      | Reached skill level 4 in Fighting
  3875 | D:5      | Entered Level 5 of the Dungeon
  3875 | D:5      | Found Jefuthawk's General Store.
  3889 | D:5      | Reached XP level 8. HP: 42/60 MP: 11/11
  3911 | D:5      | Reached skill level 5 in Evocations
  4304 | D:5      | Found Vijaodgh's Antique Armour Boutique.
  4306 | D:5      | Bought a potion of might for 44 gold pieces
  4306 | D:5      | Bought a potion of cancellation for 55 gold pieces
  4336 | D:5      | Found a shimmering blue altar of Sif Muna.
  4483 | D:5      | Found Xiom's Assorted Antiques.
  4507 | D:5      | Found Coynom's Distillery.
  4510 | D:5      | Bought 3 scrolls labeled VUTRAQ NODU for 87 gold pieces
  4510 | D:5      | Bought 2 silvery potions for 52 gold pieces
  4510 | D:5      | Bought a silvery potion for 26 gold pieces
  4517 | D:5      | Bought a potion of degeneration for 12 gold pieces
  4517 | D:5      | Bought a potion of curing for 30 gold pieces
  4517 | D:5      | Bought a potion of lignification for 36 gold pieces
  4556 | D:5      | Found Vyicinka's General Store.
  4616 | D:5      | Found a staircase to the Ecumenical Temple.
  4781 | D:5      | Reached skill level 5 in Fighting
  4903 | D:5      | Reached **** piety under Trog
  4906 | D:5      | Reached skill level 6 in Fighting
  5069 | D:6      | Reached XP level 9. HP: 67/71 MP: 12/12
  5084 | D:6      | Reached skill level 7 in Fighting
  5254 | D:6      | Reached skill level 8 in Fighting
  5856 | D:7      | Noticed a death yak
  5896 | D:7      | Killed a death yak
  5897 | D:7      | Reached skill level 9 in Fighting
  6148 | D:7      | Noticed a death yak
  6196 | D:7      | Noticed a death yak
  6197 | D:7      | Noticed a death yak
  6202 | D:7      | Noticed a death yak
  6221 | D:7      | Killed a death yak
  6222 | D:7      | Reached skill level 5 in Armour
  6222 | D:7      | Reached skill level 5 in Dodging
  6222 | D:7      | Reached XP level 10. HP: 19/83 MP: 14/14
  6292 | D:6      | HP: 5/124 [death yak (4)]
  6292 | D:6      | Mangled by a death yak

Skill      XL: |  1  2  3  4  5  6  7  8  9 |
---------------+----------------------------+-----
Polearms       | 4 5 6 7 8 |  8.0
Evocations     | 2 3 4 5 6 |  6.0
Armour         | 3 4 5 |  5.1
Dodging        | 3 4 5 |  5.4
Fighting       | 4 6 9 |  9.4

Action                   |  1- 3 |  4- 6 |  7- 9 | 10-12 || total
-------------------------+-------+-------+-------+-------++-------
Melee: Spear             |    78 |   182 |   280 |       ||   540
       Unarmed           |       |       |       |     4 ||     4
 Fire: Hunting sling     |       |     5 |    47 |       ||    52
Throw: Stone             |    36 |    21 |     3 |       ||    60
       Tomahawk          |       |     6 |    43 |     2 ||    51
Invok: Berserk           |     1 |     5 |     6 |     1 ||    13
       Trog's Hand       |       |     1 |       |       ||     1
  Use: Scroll            |       |     5 |     4 |       ||     9
       Potion            |       |       |     1 |     1 ||     2
  Eat: Chunk             |     4 |    12 |    14 |       ||    30
       Ration            |       |     1 |     2 |     1 ||     4
Armor: Animal skin       |     8 |       |       |       ||     8
       Ring mail         |     4 |    74 |    45 |     1 ||   124
       Skin              |       |       |       |     2 ||     2
Dodge: Dodged            |    22 |   106 |    92 |     1 ||   221
